 Dungeon Crawl Stone Soup version 0.25-a0-737-g26c3a87c45 (webtiles) character file.

Game seed: 12190055447837906351, levelgen mode: deterministic

27955 MisterFreud the Blocker (level 13, -6/104 HPs)
             Began as a Gnoll Fighter on Apr 11, 2020.
             Was a High Priest of Ashenzari.
             Mangled by a catoblepas (13 damage)
             ... while petrified by you
             ... on level 4 of the Lair of Beasts.
             The game lasted 00:29:08 (15539 turns).

MisterFreud the Blocker (Gnoll Fighter)            Turns: 15539, Time: 00:29:09

Health: -6/104     AC: 11    Str: 20    XL:     13   Next: 35%
Magic:  25/25      EV:  2    Int: 15    God:    Ashenzari [*****.]
Gold:   823        SH:  0    Dex: 14    Spells: 28/28 levels left

rFire    + . .     SeeInvis +   W - +6 scimitar (flame) (curse)
rCold    + . .     Gourm    .   c - +0 kite shield (curse)
rNeg     + + +     Faith    .   b - +0 scale mail
rPois    ∞         Spirit   .   S - +1 hat {SInv}
rElec    .         Reflect  .   j - scarf {rC+ rF+} (curse)
rCorr    .         Harm     .   t - +0 pair of gloves (curse)
MR       +....     Clarity  +   (no boots)
Stlth    ++........             y - amulet of the acrobat
HPRegen  0.27/turn              g - ring of protection from magic
MPRegen  0.19/turn              s - +2 ring of evasion

@: petrified
A: distributed training, fangs 1, strong nose
a: Curse Item, Scrying, Renounce Religion


You were on level 4 of the Lair of Beasts.
You worshipped Ashenzari.
Ashenzari was extremely pleased with you.
You were very hungry.

You visited 3 branches of the dungeon, and saw 15 of its levels.
You also visited: Ossuary.

You collected 921 gold pieces.
You spent 98 gold pieces at shops.

Inventory:

Hand Weapons
 N - a +3 dagger of electrocution
 W - a cursed +6 scimitar of flaming (weapon)
Missiles
 m - 6 atropa-tipped darts (quivered)
 n - 16 javelins
 r - 6 boomerangs
 B - 5 boomerangs of dispersal
 Q - 2 throwing nets
Armour
 b - a +0 scale mail (worn)
 c - a cursed +0 kite shield (worn)
 j - a cursed scarf of resistance (worn)
 t - a cursed +0 pair of gloves (worn)
 S - a +1 hat of see invisible (worn)
Jewellery
 g - a ring of protection from magic (left hand)
 s - a +2 ring of evasion (right hand)
 y - an amulet of the acrobat (around neck)
 C - an uncursed ring of resist corrosion
 J - an uncursed ring of protection from magic
 P - an uncursed ring of flight
Wands
 a - a wand of clouds (7)
 F - a wand of flame (15)
 L - a wand of enslavement (9)
 O - a wand of paralysis (6)
 R - a wand of scattershot (17)
 T - a wand of digging (3)
 V - a wand of acid (4)
 Y - a wand of polymorph (7)
Scrolls
 h - a scroll of fog
 i - a scroll of blinking
 l - 8 scrolls of teleportation
 o - a scroll of immolation
 q - 6 scrolls of amnesia
 v - 3 scrolls of fear
 A - 8 scrolls of remove curse
 X - a scroll of vulnerability
 Z - a scroll of enchant armour
Potions
 d - 3 potions of might
 e - 3 potions of ambrosia
 k - 4 potions of brilliance
 p - 3 potions of cancellation
 w - 4 potions of heal wounds
 x - 5 potions of curing
 z - 3 potions of flight
 D - 6 potions of stabbing
 E - a potion of magic
 G - 3 potions of mutation
 H - 2 potions of invisibility
 I - 3 potions of haste
 K - 2 potions of resistance
 M - 7 potions of lignification
Comestibles
 f - 30 rations


   Skills:
 + Level 10.3 Fighting
 + Level 9.3 Short Blades
 + Level 8.1(12.0) Long Blades
 + Level 8.1 Axes
 + Level 8.1 Maces & Flails
 + Level 8.1 Polearms
 + Level 8.1 Staves
 + Level 8.1 Slings
 + Level 8.1 Bows
 + Level 8.1 Crossbows
 + Level 8.1 Throwing
 + Level 10.3 Armour
 + Level 8.1 Dodging
 + Level 8.1 Stealth
 + Level 10.3(12.8) Shields
 + Level 8.1 Unarmed Combat
 + Level 8.1 Spellcasting
 + Level 6.7 Conjurations
 + Level 6.7 Hexes
 + Level 6.7 Charms
 + Level 6.7 Summonings
 + Level 6.7 Necromancy
 + Level 6.7 Translocations
 + Level 6.7 Transmutations
 + Level 6.7 Fire Magic
 + Level 6.7 Ice Magic
 + Level 6.7 Air Magic
 + Level 6.7 Earth Magic
 + Level 6.7 Poison Magic
 + Level 8.8 Invocations
 + Level 8.1 Evocations


You had 28 spell levels left.
You didn't know any spells.
Your spell library contained the following spells:

 Spells                   Type           Power        Failure   Level  Hunger
 Corona                   Hex            ####...      2%          1    None
 Slow                     Hex            ####....     3%          2    None
 Inner Flame              Hex/Fire       ####....     7%          3    ##.....
 Portal Projectile        Hex/Tloc       ####..       7%          3    ##.....
 Cause Fear               Hex            ####......   22%         4    ####...
 Leda's Liquefaction      Hex/Erth       ####......   22%         4    ####...


Dungeon Overview and Level Annotations

Branches:
Dungeon (10/15)            Temple (0/1) D:4            Lair (4/6) D:8
 Shoals (0/4) Lair:2        Snake (0/4) Lair:4          Orc (1/2) D:10
Ossuary (visited)

Altars:
Ashenzari
Fedhas
Gozag
Hepliaklqana
Makhleb
Okawaru
Qazlal
Ru
Sif Muna
Uskayaw
Vehumet
Wu Jian
Yredelemnul
The Shining One

Shops:
D:8 !%[

Annotations:
D:10 Grum
Lair:1 exclusion: 3 oklob plants


Innate Abilities, Weirdness & Mutations

Your experience applies equally to all skills.
You have very sharp teeth.
Your uncanny sense of smell can sniff out nearby items.


Message History

The catoblepas gores you!!
* * * LOW HITPOINT WARNING * * *
The catoblepas breathes a plume of calcifying dust at you.
The blast of calcifying dust hits you.
* * * LOW HITPOINT WARNING * * *
Your limbs are stiffening.
The catoblepas breathes a plume of calcifying dust at you.
The blast of calcifying dust hits you.
* * * LOW HITPOINT WARNING * * *
You have turned to stone.
You are engulfed in calcifying dust.
The catoblepas gores you but does no damage.
You are engulfed in calcifying dust.
The catoblepas gores you.
* * * LOW HITPOINT WARNING * * *
You are engulfed in calcifying dust.
The catoblepas gores you!!
* * * LOW HITPOINT WARNING * * *
You are engulfed in calcifying dust.
The catoblepas gores you!!
* * * LOW HITPOINT WARNING * * *
You are engulfed in calcifying dust.
The catoblepas gores you!!
You die...

...>#.* ##..# , ** *,, , , ,
.....#* #...# ##..P# **,, ,,
.....# #...###....# * *,, ,,
...<†# #....#.P..# , ,, ....##
##.P##...## , , ., , ....#
##...#..P.# ,.. , ....##
#.......## * ...,
.....####......§P###### .... ,
......†....P.>..@P#...##.P...
,
..........#......Y†....P.#...,
**
P....P.#P.####..†#.#P.....P..
* .....###...#
#...####.##..PP. .....#
#...##P...# ### ....** *
......*#...#....## * , ..
....## #..####... *,, ,* *
.... ...# ##..# *** * ,** ,, ,
* #... * , ,


You could see a catoblepas.

Vanquished Creatures
  Gastronok (D:8)
  A hydra (Lair:2)
  Harold (D:7)
  A death yak (Lair:3)
  Erica (D:8)
  2 two-headed ogres
  6 elephants (Lair:3)
  5 black mambas
  3 merfolk sirens (Lair:2)
  2 spiny frogs
  5 komodo dragons
  2 polar bears (Lair:2)
  A merfolk (Lair:2)
  2 trolls
  Grinder (D:6)
  13 blink frogs
  Prince Ribbit (D:8)
  3 hippogriffs
  A spriggan (D:7)
  10 yaks
  3 basilisks
  5 hungry ghosts
  Menkaure (D:7)
  A soldier ant (D:10)
  17 water moccasins
  7 porcupines
  An ice beast (D:7)
  4 orc warriors
  3 sky beasts
  4 necrophages
  A phantom (D:9)
  A black bear (D:6)
  An eye of draining (D:9)
  2 centaurs
  6 ogres
  5 wolves
  4 crocodiles (Lair:3)
  2 big kobolds
  A wyvern zombie (D:10)
  6 bullfrogs
  8 scorpions
  16 killer bees
  4 wights (D:10)
  2 electric eels (Lair:2)
  2 howler monkeys
  7 crimson imps
  3 centaur zombies
  6 jellies
  A human zombie (Ossuary)
  3 orc priests
  3 hounds
  2 quasits
  A bullfrog skeleton (D:6)
  6 orc wizards
  A centaur skeleton (D:10)
  4 hell rats (Lair:2)
  4 iguanas
  5 worker ants
  2 hound zombies
  A hound skeleton (D:10)
  3 mummies (Ossuary)
  A worker ant zombie (D:7)
  Robin (D:4)
  13 adders
  3 scorpion zombies (Ossuary)
  2 shadow imps
  3 oozes
  An adder zombie (D:6)
  4 worms
  2 dart slugs
  6 leopard geckos
  22 orcs
  9 bats
  10 giant cockroaches
  A gnoll zombie (Ossuary)
  8 hobgoblins
  20 jackals
  A quokka (D:7)
  6 ball pythons
  5 frilled lizards
  15 goblins
  2 goblin zombies
  2 hobgoblin zombies (Ossuary)
  17 kobolds
  3 kobold zombies (Ossuary)
  A leopard gecko skeleton (D:7)
  An orc zombie (Ossuary)
  2 quokka skeletons
  5 rats
  A rat zombie (D:4)
  A fungus (Lair:4)
389 creatures vanquished.

Vanquished Creatures (others)
  2 scorpions (Ossuary)
  A hobgoblin zombie (Ossuary)
  5 fungi
  3 plants
11 creatures vanquished.

Grand Total: 400 creatures vanquished

Notes
Turn   | Place    | Note
-------+----------+-------------------------------------------
     0 | D:1      | MisterFreud the Gnoll Fighter began the quest for the Orb.
     0 | D:1      | Reached XP level 1. HP: 23/23 MP: 1/1
    68 | D:1      | Reached XP level 2. HP: 28/29 MP: 2/2
   881 | D:2      | Reached XP level 3. HP: 34/35 MP: 3/3
  1192 | D:2      | Reached skill level 1 in Invocations
  1301 | D:2      | Reached skill level 1 in Long Blades
  1301 | D:2      | Reached skill level 1 in Axes
  1301 | D:2      | Reached skill level 1 in Maces & Flails
  1301 | D:2      | Reached skill level 1 in Polearms
  1301 | D:2      | Reached skill level 1 in Staves
  1301 | D:2      | Reached skill level 1 in Slings
  1301 | D:2      | Reached skill level 1 in Bows
  1301 | D:2      | Reached skill level 1 in Crossbows
  1301 | D:2      | Reached skill level 1 in Throwing
  1301 | D:2      | Reached skill level 1 in Dodging
  1301 | D:2      | Reached skill level 1 in Stealth
  1301 | D:2      | Reached skill level 1 in Unarmed Combat
  1301 | D:2      | Reached skill level 1 in Spellcasting
  1301 | D:2      | Reached skill level 1 in Evocations
  1302 | D:2      | Reached XP level 4. HP: 39/41 MP: 5/5
  1319 | D:2      | Found an iron altar of Okawaru.
  2002 | D:3      | Reached skill level 1 in Conjurations
  2002 | D:3      | Reached skill level 1 in Hexes
  2002 | D:3      | Reached skill level 1 in Charms
  2002 | D:3      | Reached skill level 1 in Summonings
  2002 | D:3      | Reached skill level 1 in Necromancy
  2002 | D:3      | Reached skill level 1 in Translocations
  2002 | D:3      | Reached skill level 1 in Transmutations
  2002 | D:3      | Reached skill level 1 in Fire Magic
  2002 | D:3      | Reached skill level 1 in Ice Magic
  2002 | D:3      | Reached skill level 1 in Air Magic
  2002 | D:3      | Reached skill level 1 in Earth Magic
  2002 | D:3      | Reached skill level 1 in Poison Magic
  2139 | D:3      | Reached XP level 5. HP: 46/47 MP: 6/6
  2547 | D:3      | Found a shattered altar of Ashenzari.
  2584 | D:3      | Became a worshipper of Ashenzari the Shackled
  2622 | D:4      | Found a sacrificial altar of Ru.
  2637 | D:4      | Noticed a two-headed ogre
  2643 | D:4      | Killed a two-headed ogre
  2643 | D:4      | Reached skill level 5 in Short Blades
  2643 | D:4      | Reached XP level 6. HP: 25/55 MP: 7/10
  2643 | D:4      | Reached XP level 7. HP: 27/60 MP: 7/11
  2715 | D:4      | Reached XP level 8. HP: 46/67 MP: 12/12
  2753 | D:4      | Noticed Robin
  2778 | D:4      | Killed Robin
  2832 | D:4      | Found a staircase to the Ecumenical Temple.
  2949 | D:4      | Found a sand-covered staircase.
  2956 | Ossuary  | Entered an ossuary
  3848 | D:4      | Reached * piety under Ashenzari
  4010 | D:5      | Entered Level 5 of the Dungeon
  4693 | D:5      | Identified the +1 mace of Sunlight {elec, Str+2 SInv}
  4702 | D:5      | Found a radiant altar of Vehumet.
  4711 | D:5      | Reached XP level 9. HP: 62/72 MP: 14/14
  4971 | D:5      | Found a hazy altar of Hepliaklqana.
  5042 | D:6      | Found a shimmering blue altar of Sif Muna.
  5052 | D:6      | Found a basalt altar of Yredelemnul.
  5201 | D:6      | Noticed Grinder
  5223 | D:6      | Killed Grinder
  5618 | D:6      | Reached ** piety under Ashenzari
  6224 | D:7      | Reached skill level 5 in Invocations
  6505 | D:7      | Reached XP level 10. HP: 79/80 MP: 15/17
  6672 | D:7      | Noticed Harold
  6682 | D:7      | Killed Harold
  6682 | D:7      | Reached skill level 5 in Long Blades
  6682 | D:7      | Reached skill level 5 in Axes
  6682 | D:7      | Reached skill level 5 in Maces & Flails
  6682 | D:7      | Reached skill level 5 in Polearms
  6682 | D:7      | Reached skill level 5 in Staves
  6682 | D:7      | Reached skill level 5 in Slings
  6682 | D:7      | Reached skill level 5 in Bows
  6682 | D:7      | Reached skill level 5 in Crossbows
  6682 | D:7      | Reached skill level 5 in Throwing
  6682 | D:7      | Reached skill level 5 in Dodging
  6682 | D:7      | Reached skill level 5 in Stealth
  6682 | D:7      | Reached skill level 5 in Unarmed Combat
  6682 | D:7      | Reached skill level 5 in Spellcasting
  6682 | D:7      | Reached skill level 5 in Evocations
  6902 | D:7      | Noticed Menkaure
  6905 | D:7      | Found a blossoming altar of Fedhas.
  6908 | D:7      | Killed Menkaure
  6949 | D:8      | Found Cixaw's Distillery.
  6951 | D:8      | Found a burning altar of Makhleb.
  6952 | D:8      | Found a stormy altar of Qazlal.
  6953 | D:8      | Bought a potion of stabbing for 56 gold pieces
  6953 | D:8      | Bought a potion of lignification for 42 gold pieces
  6958 | D:8      | Reached *** piety under Ashenzari
  7017 | D:8      | Found a glowing golden altar of the Shining One.
  7150 | D:8      | Found Ucoapyh's Food Shoppe.
  7150 | D:8      | Found Eroymp's Armour Shoppe.
  7186 | D:8      | Noticed Prince Ribbit
  7238 | D:8      | Killed Prince Ribbit
  7569 | D:8      | Noticed Gastronok
  7587 | D:8      | Killed Gastronok
  7587 | D:8      | Reached XP level 11. HP: 70/87 MP: 19/19
  7671 | D:8      | Noticed Erica
  7688 | D:8      | Killed Erica
  7700 | D:8      | Found a staircase to the Lair.
  7717 | D:8      | Found a hide-covered altar of Uskayaw.
  7717 | D:8      | Found an opulent altar of Gozag.
  7830 | D:9      | Reached skill level 5 in Conjurations
  7830 | D:9      | Reached skill level 5 in Hexes
  7830 | D:9      | Reached skill level 5 in Charms
  7830 | D:9      | Reached skill level 5 in Summonings
  7830 | D:9      | Reached skill level 5 in Necromancy
  7830 | D:9      | Reached skill level 5 in Translocations
  7830 | D:9      | Reached skill level 5 in Transmutations
  7830 | D:9      | Reached skill level 5 in Fire Magic
  7830 | D:9      | Reached skill level 5 in Ice Magic
  7830 | D:9      | Reached skill level 5 in Air Magic
  7830 | D:9      | Reached skill level 5 in Earth Magic
  7830 | D:9      | Reached skill level 5 in Poison Magic
  8365 | D:10     | Entered Level 10 of the Dungeon
  8365 | D:10     | Noticed a two-headed ogre
  8429 | D:10     | Killed a two-headed ogre
  9635 | D:10     | Found a staircase to the Orcish Mines.
 10141 | D:10     | Found an ornate altar of the Wu Jian Council.
 10201 | Orc:1    | Entered Level 1 of the Orcish Mines
 10201 | Orc:1    | Noticed a stone giant
 10218 | D:10     | Noticed Grum
 10560 | Lair:1   | Entered Level 1 of the Lair of Beasts
 10560 | Lair:1   | Reached **** piety under Ashenzari
 10661 | Lair:1   | Found the +8 storm bow {elec, penet}
 10662 | Lair:1   | Noticed an oklob plant
 10662 | Lair:1   | Noticed an oklob plant
 10662 | Lair:1   | Noticed an oklob plant
 10686 | Lair:1   | Reached XP level 12. HP: 49/96 MP: 22/22
 11694 | Lair:2   | Noticed a six-headed hydra
 11712 | Lair:2   | Killed a three-headed hydra
 12597 | Lair:2   | Found a staircase to the Shoals.
 13408 | Lair:3   | Reached skill level 10 in Fighting
 13408 | Lair:3   | Reached skill level 10 in Armour
 13408 | Lair:3   | Reached skill level 10 in Shields
 13902 | Lair:3   | Reached XP level 13. HP: 21/103 MP: 24/24
 14434 | Lair:3   | Reached ***** piety under Ashenzari
 15152 | Lair:4   | Found a staircase to the Snake Pit.
 15492 | Lair:4   | Identified a scroll of acquirement
 15495 | Lair:4   | Identified the cursed amulet of Lesser Demons {rC++ MR-
                  | Regen+ Dex+4} (You acquired it on level 4 of the Lair of
                  | Beasts)
 15539 | Lair:4   | Mangled by a catoblepas

Levels and vault maps discovered:
D:1:      psy_arrival_radial02, layout_loops_corners
D:2:      minmay_chambers_of_ones, layout_basic, overflow_temple_1_default,
          minmay_misc_feat_roman, minmay_splitting_lines, minmay_heptomino_o4
D:3:      layout_basic, lemuel_doored_altar, minmay_randomly_rotated_circles
D:4:      layout_basic, nicolae_ru_the_path_less_chosen,
          minmay_temple_entry_large_hall, enter_ossuary_4, first_ration,
          kennysheep_generic_room_9, uniq_robin
D:5:      layout_rooms, old_standard_altar, marbit_many_paths, st_stairs_10
D:6:      layout_basic, grunt_temple_overflow_open, minmay_misc_feat_pillars,
          uniq_grinder
D:7:      layout_loops_corners, lemuel_coloured_pillars_altar, the_bakery,
          minmay_chambers_of_fives, uniq_menkaure, uniq_harold
D:8:      layout_rooms, gammafunk_temple_overflow_elements,
          nicolae_overflow_hidden_temple, dpeg_oklobed_lair, serial_shops, shop,
          shop, nicolae_shop_statue_plus, kennysheep_generic_room_6,
          uniq_gastronok, uniq_prince_ribbit1, uniq_erica
D:9:      layout_roguey, minmay_misc_feat_chi
D:10:     layout_cave_pools, david_orc_2, serial_column_ruins,
          column_ruins_square_large, column_ruins_open_tiny,
          column_ruins_open_tiny, column_ruins_open_small,
          column_ruins_corridor_corner, column_ruins_corridor_straight,
          basic_altar, uniq_grum
Lair:1:   layout_regular_city, gauntlet_entry_generic, minmay_lair_oklob_chamber
Lair:2:   layout_gridlike, elwin_shoals_entry_stream, serial_bayou_crossing
Lair:3:   layout_concentric_octagons
Lair:4:   layout_cave_shapes, minmay_snake_entry_six_corridors,
          grunt_megastairs_5, infiniplex_staircase_pool_2, uniq_urug
Orc:1:    layout_diamond_mine

Skill      XL: |  1  2  3  4  5  6  7  8  9 10 11 12 13 |
---------------+----------------------------------------+-----
Invocations    | 1 3 4 5 6 7 8 |  8.8
Long Blades    | 1 2 3 4 5 6 7 8 |  8.1
Axes           | 1 2 3 4 5 6 7 8 |  8.1
Maces & Flails | 1 2 3 4 5 6 7 8 |  8.1
Polearms       | 1 2 3 4 5 6 7 8 |  8.1
Staves         | 1 2 3 4 5 6 7 8 |  8.1
Slings         | 1 2 3 4 5 6 7 8 |  8.1
Bows           | 1 2 3 4 5 6 7 8 |  8.1
Crossbows      | 1 2 3 4 5 6 7 8 |  8.1
Throwing       | 1 2 3 4 5 6 7 8 |  8.1
Dodging        | 1 2 3 4 5 6 7 8 |  8.1
Stealth        | 1 2 3 4 5 6 7 8 |  8.1
Unarmed Combat | 1 2 3 4 5 6 7 8 |  8.1
Spellcasting   | 1 2 3 4 5 6 7 8 |  8.1
Evocations     | 1 2 3 4 5 6 7 8 |  8.1
Conjurations   | 1 2 3 4 5 6 |  6.7
Hexes          | 1 2 3 4 5 6 |  6.7
Charms         | 1 2 3 4 5 6 |  6.7
Summonings     | 1 2 3 4 5 6 |  6.7
Necromancy     | 1 2 3 4 5 6 |  6.7
Translocations | 1 2 3 4 5 6 |  6.7
Transmutations | 1 2 3 4 5 6 |  6.7
Fire Magic     | 1 2 3 4 5 6 |  6.7
Ice Magic      | 1 2 3 4 5 6 |  6.7
Air Magic      | 1 2 3 4 5 6 |  6.7
Earth Magic    | 1 2 3 4 5 6 |  6.7
Poison Magic   | 1 2 3 4 5 6 |  6.7
Fighting       | 7 8 9 10 | 10.3
Short Blades   | 5 6 7 8 9 |  9.3
Armour         | 7 8 9 10 | 10.3
Shields        | 7 8 9 10 | 10.3

Action                   |  1- 3 |  4- 6 |  7- 9 | 10-12 | 13-15 || total
-------------------------+-------+-------+-------+-------+-------++-------
Melee: Rapier            |    94 |   160 |   259 |       |       ||   513
       Bite              |     9 |    23 |    71 |   130 |    25 ||   258
       Dagger            |       |       |   265 |   668 |       ||   933
       Scimitar          |       |       |       |   194 |   166 ||   360
Invok: Curse Item        |       |     1 |     1 |     1 |       ||     3
Evoke: Wand              |       |       |       |     2 |       ||     2
  Use: Potion            |       |     1 |     1 |     2 |       ||     4
       Scroll            |       |       |     8 |    15 |     4 ||    27
 Stab: Sleeping          |       |       |     1 |     6 |       ||     7
       Distracted        |       |       |       |     3 |       ||     3
  Eat: Chunk             |     1 |     5 |    10 |    23 |     4 ||    43
       Ration            |       |       |     1 |     1 |       ||     2
Armor: Scale mail        |    32 |    44 |    97 |   101 |    22 ||   296
Dodge: Dodged            |    32 |    62 |   165 |   325 |    75 ||   659
Block: Kite shield       |    54 |    93 |   213 |   393 |   101 ||   854
       Rpst.: Scimitar   |       |       |       |    29 |    19 ||    48

Table legend:
 A = Non-vault XP
 B = Vault XP
 C = Vault XP percentage of total XP
 D = Non-vault monster count
 E = Vault monster count
 F = Vault count percentage of total count
                 A         B        C        D         E       F
            +---------+---------+-------+---------+---------+-------
      Total |   27721 |   12215 |  30.6 |     291 |      97 |  25.0
            +---------+---------+-------+---------+---------+-------
        D:1 |      28 |       0 |   0.0 |      13 |       0 |   0.0
        D:2 |      52 |      20 |  27.8 |      17 |       8 |  32.0
        D:3 |     109 |      46 |  29.7 |      30 |       6 |  16.7
        D:4 |    1180 |      40 |   3.3 |      11 |      16 |  59.3
        D:5 |     441 |      38 |   7.9 |      17 |       2 |  10.5
        D:6 |     939 |     277 |  22.8 |      23 |       1 |   4.2
        D:7 |     910 |    1453 |  61.5 |      20 |       6 |  23.1
        D:8 |    1724 |    3470 |  66.8 |      27 |       4 |  12.9
        D:9 |    1874 |     115 |   5.8 |      21 |       1 |   4.5
       D:10 |    3613 |     395 |   9.9 |      38 |       8 |  17.4
     Lair:1 |    2080 |     645 |  23.7 |      12 |       2 |  14.3
     Lair:2 |    6322 |    1680 |  21.0 |      30 |       4 |  11.8
     Lair:3 |    8250 |    1492 |  15.3 |      31 |       3 |   8.8
     Lair:4 |     199 |    1982 |  90.9 |       1 |      14 |  93.3
    Ossuary |       0 |     562 | 100.0 |       0 |      22 | 100.0
            +---------+---------+-------+---------+---------+-------
